 Dungeon Crawl Stone Soup version 0.28-b1-38-gff268fdeb9 (webtiles) character file.

Game seed: 9151606251971906536

4 Hantington the Grave Robber (level 1, 0/13 HPs)
             Began as a Vampire Necromancer on Feb 3, 2022.
             Slain by a jackal (3 damage)
             ... on level 1 of the Dungeon.
             The game lasted 00:02:02 (284 turns).

Hantington the Grave Robber (Vampire Necromancer)    Turns: 284, Time: 00:02:03

Health: 0/13       AC:  2    Str:  7    XL:     1   Next: 50%
Magic:  3/3        EV: 12    Int: 17    God:
Gold:   0          SH:  0    Dex: 14    Spells: 3/4 levels left

rFire   . . .      SeeInvis +   d - +0 club
rCold   . . .      Faith    .   (no shield)
rNeg    . . .      Spirit   .   a - +0 robe
rPois   .          Reflect  .   (no helmet)
rElec   .          Harm     .   (no cloak)
rCorr   .          Rampage  .   (no gloves)
Will    .....                   (no boots)
Stlth   ++........              (no amulet)
HPRegen 0.24/turn               (no ring)
MPRegen 0.08/turn               (no ring)

@: healing quickly
A: alive, fangs 3, see invisible, vampiric 1
a: Exsanguinate


You were on level 1 of the Dungeon.
You visited 1 branch of the dungeon, and saw 1 of its levels.

Inventory:

Hand Weapons
 d - a +0 club (weapon)
Armour
 a - a +0 robe (worn)
Scrolls
 c - a scroll of identify {unknown}
Potions
 b - a potion of mutation {unknown}


   Skills:
 + Level 2.2 Dodging
 + Level 3.1 Stealth
 + Level 2.0 Spellcasting
 + Level 4.5 Necromancy


You had 3 spell levels left.
You knew the following spells:

 Your Spells              Type           Power      Damage    Failure   Level
a - Pain                  Necr           68%        1d7       3%          1

Your spell library contained the following spells:

 Spells                   Type           Power      Damage    Failure   Level
 Animate Skeleton         Necr           34%        N/A       3%          1
 Vampiric Draining        Necr           17%        2d7       9%          3
 Animate Dead             Necr           8%         N/A       28%         4
 Agony                    Necr           17%        N/A       63%         5


Dungeon Overview and Level Annotations

Branches:
Dungeon (1/15)

Altars:


Innate Abilities, Weirdness & Mutations

Your natural rate of healing is accelerated.
You have razor-sharp teeth.
You have supernaturally acute eyesight. (SInv)
You are afflicted with vampirism.


Message History

You kill the frilled lizard!
You see here a +0 ring mail.
You open the door.
Found a faded altar of an unknown god.
There is an open door here.
There is a faded altar of an unknown god here.
You open the door.
There is an open door here.
A jackal comes into view.
The jackal barks!
A jackal comes into view.
The jackal bites you but does no damage.
The jackal barks!
You hit the jackal.
The jackal is severely wounded.
The jackal closely misses you.
You barely miss the jackal.
The jackal is severely wounded.
The jackal bites you but does no damage.
The jackal bites you. The jackal barely misses you.
You hit the jackal but do no damage.
The jackal is severely wounded.
The jackal bites you but does no damage.
The jackal closely misses you. The jackal barely misses you.
The jackal bites you.
You closely miss the jackal. You bite the jackal.
The jackal is almost dead.
The jackal bites you. The jackal barely misses you. The jackal bites you.
You closely miss the jackal.
The jackal is almost dead.
The jackal misses you. The jackal barely misses you. The jackal misses you.
You hit the jackal but do no damage.
The jackal is almost dead.
The jackal bites you. The jackal barely misses you. The jackal bites you.
* * * LOW HITPOINT WARNING * * *
The jackal closely misses you.
You miss the jackal.
The jackal is almost dead.
The jackal closely misses you. The jackal bites you.
You die...

#.#####.###.###.#
########.# #
#.#8...8# # #
....#.._..# #
#..#8...8#.#
##.###.###.# #..
#.#...#
###.#'#..#
####.8.8h.#
........@h.#
.###.......#
#########


You could see 2 jackals.

Vanquished Creatures
  A goblin (D:1)
  A hobgoblin (D:1)
  A frilled lizard (D:1)
  A kobold (D:1)
4 creatures vanquished.

Notes
Turn   | Place    | Note
-------+----------+-------------------------------------------
     0 | D:1      | Hantington the Vampire Necromancer began the quest for the
                  | Orb.
     0 | D:1      | Reached XP level 1. HP: 13/13 MP: 3/3
   265 | D:1      | Found a faded altar of an unknown god.
   284 | D:1      | Slain by a jackal

Illustrated notes

Levels and vault maps discovered:
D:1:      evilmike_arrival_rings, layout_basic,
          dreamdust_ecumenical_altar_angels_and_demons

Action                   || total
-------------------------++-------
Melee: Unarmed           ||    13
       Club              ||    11
       Bite              ||     2
 Stab: Sleeping          ||     4
Armor: Robe              ||     4
Dodge: Dodged            ||    21
